 Dungeon Crawl Stone Soup version 0.19-a0-536-g4d3b45e (webtiles) character file.

115 Musica the Covert (level 4, -2/22 HPs)
             Began as a Spriggan Assassin on June 8, 2016.
             Killed by divine providence
             ... invoked by an orc priest
              (12 damage)
             ... on level 3 of the Dungeon.
             The game lasted 00:05:47 (1898 turns).

Musica the Covert (Spriggan Assassin)               Turns: 1898, Time: 00:05:47

Health: -2/22      AC:  3    Str:  7    XL:     4   Next: 68%
Magic:  5/5        EV: 17    Int: 12    God:
Gold:   134        SH:  0    Dex: 18    Spells: 0 memorised, 3 levels left

rFire  . . .     SeeInvis +     a - +2 dagger
rCold  . . .     Gourm    .     c - +0 robe
rNeg   . . .     Faith    .     (shield restricted)
rPois  .         Spirit   .     (helmet restricted)
rElec  .         Dismiss  .     d - +0 cloak
rCorr  .         Reflect  .     (gloves unavailable)
SustAt .         Harm     .     (boots unavailable)
MR     .....                    (no amulet)
Stlth  +++++.....               (no ring)
                                (no ring)

@: very quick, not resistant to hostile enchantments, quite stealthy
A: unfitting armour, see invisible, herbivore 3, speed 3, slow metabolism 2
a: no special abilities


You were on level 3 of the Dungeon.
You were not hungry.

You visited 1 branch of the dungeon, and saw 4 of its levels.

You collected 134 gold pieces.

Inventory:

Hand Weapons
 a - a +2 dagger (weapon)
 b - a +0 blowgun
Missiles
 e - 13 poisoned needles
 f - 2 curare-tipped needles
 l - 37 arrows
 p - 4 needles of confusion
Armour
 c - a +0 robe (worn)
 d - a +0 cloak (worn)
Jewellery
 s - an uncursed ring of sustain attributes
Scrolls
 h - 4 scrolls of teleportation
 i - 4 scrolls of remove curse
 j - 2 scrolls of amnesia
 o - a scroll of noise {unknown}
Potions
 k - 2 potions of agility {unknown}
 q - a potion of brilliance
 t - 2 potions of haste {unknown}
Comestibles
 g - 3 bread rations
 n - 3 slices of pizza


   Skills:
 - Level 1.5 Fighting
 + Level 2.8 Short Blades
 + Level 2.3 Throwing
 - Level 1.5 Dodging
 + Level 8.7 Stealth


You had 3 spell levels left.
You didn't know any spells.

Dungeon Overview and Level Annotations

Branches:
Dungeon (4/15)
 Temple: D:4-7

Altars:
Elyvilon
Kikubaaqudgha
Pakellas
Vehumet


Innate Abilities, Weirdness & Mutations

You are tiny and cannot use many weapons and most armour.
You have supernaturally acute eyesight. (SInv)
You are a herbivore.
You cover ground extremely quickly.
You need consume almost no food.


Message History

Beogh smites you!
Ouch! That really hurt!
You closely miss the orc priest.
The orc priest is moderately wounded.
The orc priest hits you.
You hit the orc priest.
The orc priest is heavily wounded.
The orc priest looks braver for a moment.
You hit the orc priest.
The orc priest is heavily wounded.
The orc priest misses you.
You hit the orc priest.
The orc priest is almost dead.
The orc priest misses you.
You hit the orc priest but do no damage.
The orc priest is almost dead.
The orc priest mumbles some strange prayers to Beogh against you.
Beogh smites you!
Ouch! That really hurt!
You die...

#...##..).# ###.........#
###.......# #.........#
##......# #(........#
#..)...# ####.........#
##.....#####..#.........#
#......##...............#
##.#.##.#..#####......(..#
#....##...## #.#.........#
###.####..###
#@#..######## ...........
#o#...# ....######.
####o##..##### ...##
..#...(##......# ...#
#.#.#####<...>.# ...#
####.#(## #...รท..# .#.#
#....(oo## #......# .#.#
#..#####.o# #......# .#..
##<# #......#


You could see 2 orc priests.

Vanquished Creatures
  Ijyb (D:2)
  4 adders
  An ooze (D:3)
  A dart slug (D:1)
  2 giant geckos
  5 orcs (D:3)
  6 bats
  A giant cockroach (D:1)
  A hobgoblin (D:2)
  4 jackals (D:1)
  A quokka (D:2)
  4 giant newts
  7 kobolds
  8 rats
46 creatures vanquished.

Notes
Turn   | Place    | Note
--------------------------------------------------------------
     0 | D:1      | Musica the Spriggan Assassin began the quest for the Orb.
     0 | D:1      | Reached XP level 1. HP: 10/10 MP: 2/2
    93 | D:1      | Reached skill level 6 in Stealth
   243 | D:1      | Reached XP level 2. HP: 10/14 MP: 3/3
   905 | D:3      | Reached skill level 7 in Stealth
   917 | D:2      | Reached XP level 3. HP: 18/18 MP: 4/4
   932 | D:2      | Found an oddly glowing altar of Pakellas.
  1149 | D:2      | Reached XP level 4. HP: 22/22 MP: 5/5
  1183 | D:2      | Noticed Ijyb
  1185 | D:2      | Killed Ijyb
  1185 | D:2      | Reached skill level 8 in Stealth
  1227 | D:2      | Found a white marble altar of Elyvilon.
  1227 | D:2      | Found an ancient bone altar of Kikubaaqudgha.
  1228 | D:2      | Found a radiant altar of Vehumet.
  1898 | D:3      | Killed from afar by an orc priest

Vault maps used:
D:1:      saegor_arrival_miasma
D:2:      gammafunk_temple_overflow_forgotten, old_standard_altar, uniq_iyjb
D:3:      minmay_item_behind_shaft

Skill      XL: |  1  2  3  4 |
---------------+-------------+-----
Stealth        | 6 7 8 |  8.7
Fighting       | |  1.5
Short Blades   | |  2.8
Throwing       | |  2.3
Dodging        | |  1.5

Action                   |  1- 3 |  4- 6 || total
-------------------------+-------+-------++-------
Melee: Dagger            |    68 |    32 ||   100
 Fire: Blowgun           |       |     8 ||     8
  Use: Scroll            |     5 |     1 ||     6
       Potion            |     3 |       ||     3
 Stab: Sleeping          |    15 |     7 ||    22
       Distracted        |     2 |       ||     2
Armor: Robe              |     2 |     3 ||     5
Dodge: Dodged            |    35 |    14 ||    49
